 Dungeon Crawl Stone Soup version 0.23.2 (webtiles) character file.

Game seed: 8226962588182052059

8297 Kairos the Carver (level 11, -9/87 HPs)
             Began as a Formicid Abyssal Knight on Apr 12, 2019.
             Was a High Priest of Lugonu.
             Mangled by an orc warrior
             ... wielding a +0 halberd
              (15 damage)
             ... in a bailey.
             The game lasted 00:22:07 (8330 turns).

Kairos the Carver (Formicid Abyssal Knight)         Turns: 8330, Time: 00:22:08

Health: -9/87      AC: 15    Str: 20    XL:     11   Next: 53%
Magic:  9/13       EV: 10    Int: 23    God:    Lugonu [*****.]
Gold:   169        SH: 11    Dex: 13    Spells: 10/10 levels left

rFire    + . .     SeeInvis +   m - +6 hunting sling "Jediox" {venom, Int+7 Dex+3}
rCold    . . .     Gourm    .   t - +1 shield
rNeg     . . .     Faith    .   q - +4 scale mail {rF+}
rPois    .         Spirit   .   (helmet unavailable)
rElec    .         Reflect  .   D - +1 cloak {+Inv}
rCorr    .         Harm     .   n - +0 pair of gloves
MR       ++...                  (no boots)
Stlth    +.........             (no amulet)
HPRegen  0.24/turn              p - +4 ring of intelligence
MPRegen  0.13/turn              z - ring of protection from magic

@: flying, very slightly contaminated, studying Armour
A: permanent stasis, dig shafts and tunnels, four strong arms, antennae 3
a: Dig, Shaft Self, Depart the Abyss, Bend Space, Banish, Corrupt, Enter the
Abyss, Renounce Religion, Evoke Invisibility


You were in a bailey.
You worshipped Lugonu.
Lugonu was extremely pleased with you.
You were near starving.

You visited 1 branch of the dungeon, and saw 10 of its levels.
You visited the Abyss 1 time.
You also visited: Bailey.

You collected 541 gold pieces.
You spent 372 gold pieces at shops.

Inventory:

Hand Weapons
 h - a +0 trident
 j - the +8 long sword of Painful Death {slice, rF+ Str+3}
   (You found it on level 3 of the Abyss)

   It inflicts extra damage upon your enemies.
   It affects your strength (+3).
   It protects you from fire.
 m - the +6 hunting sling "Jediox" (weapon) {venom, Int+7 Dex+3}
   (You found it on level 5 of the Dungeon)

   It poisons the ammo it fires.
   It affects your intelligence (+7).
   It affects your dexterity (+3).
Missiles
 u - 7 javelins of returning
 v - 57 sling bullets (quivered)
Armour
 n - a +0 pair of gloves (worn)
 q - a +4 scale mail of fire resistance (worn)
 t - a +1 shield (worn)
 D - a +1 cloak of invisibility (worn)
Jewellery
 p - a +4 ring of intelligence (left hand)
 z - a ring of protection from magic (right hand)
 C - an uncursed ring of flight
Wands
 f - a wand of polymorph (9)
 E - a wand of acid (7)
Scrolls
 a - a scroll of amnesia
 d - 10 scrolls of identify
 e - 4 scrolls of enchant armour
 i - 3 scrolls of magic mapping
 l - a scroll of remove curse
 y - 2 scrolls of fog
Potions
 b - a potion of brilliance
 g - 4 potions of curing
 o - 2 potions of ambrosia
 r - a potion of flight
 s - a potion of berserk rage {unknown}
 w - a potion of lignification {unknown}
 x - a potion of resistance {unknown}
Books
 B - a manual of Armour
Miscellaneous
 k - a lamp of fire (inert)
Comestibles
 c - 19 rations
 A - 3 chunks of flesh


   Skills:
 * Level 8.4 Fighting
 * Level 10.4 Long Blades
 + Level 2.1 Polearms
 * Level 5.6(5.7) Slings
 + Level 1.1(3.4) Throwing
 * Level 7.5 Armour
 + Level 2.9 Dodging
 * Level 3.8 Stealth
 * Level 6.4 Shields
 * Level 3.4 Invocations
 * Level 2.2 Evocations


You had 10 spell levels left.
You didn't know any spells.
Your spell library contained the following spells:

 Spells                   Type           Power        Failure   Level  Hunger
 Flame Tongue             Conj/Fire      #....        56%         1    ##.....
 Magic Dart               Conj           #...         56%         1    ##.....
 Call Imp                 Summ           #.......     71%         2    ###....
 Slow                     Hex            #.......     71%         2    ###....
 Throw Flame              Conj/Fire      #.....       71%         2    ###....
 Conjure Flame            Conj/Fire      #.......     90%         3    ####...
 Inner Flame              Hex/Fire       #.......     90%         3    ####...
 Mephitic Cloud           Conj/Pois/Air  #.......     90%         3    ####...
 Sticky Flame             Conj/Fire      #.......     100%        4    #####..
 Bolt of Magma            Conj/Fire/Erth #.........   100%        5    ######.
 Fireball                 Conj/Fire      #.........   100%        5    ######.
 Iskenderun's Battlesphe  Conj/Chrm      #.......     100%        5    ######.
 Venom Bolt               Conj/Pois      #.........   100%        5    ######.
 Iron Shot                Conj/Erth      #.........   100%        6    #######
 Orb of Destruction       Conj           #.........   100%        7    #######
 Spellforged Servitor     Conj/Summ      #.........   100%        7    #######
 Blink                    Tloc           Unusable     N/A         2    N/A

Dungeon Overview and Level Annotations

Branches:
Dungeon (10/15)            Temple (0/1) D:5            Lair (0/6) D:8
    Orc: D:9-12

Altars:
Elyvilon
Fedhas
Hepliaklqana
Kikubaaqudgha
Nemelex Xobeh
Okawaru
Qazlal
Trog
Xom
The Shining One

Shops:
D:4 }   D:5 *   D:7 *

Annotations:
D:5 3 runed translucent doors, shugdite's ghost, novice MiFi


Innate Abilities, Weirdness & Mutations

You cannot be hasted, slowed, berserked, paralysed or teleported.
You can dig through walls and to a lower floor.
Your four strong arms can wield two-handed weapons with a shield.
You have a pair of large antennae on your head. (SInv)


Message History

* * * LOW HITPOINT WARNING * * *
Press: ? - help, Shift-Dir - straight line, f/p - orc knight
Aim: an orc knight, wielding a +0 halberd and wearing a +0 chain mail (severely wounded, covered in acid, chance to defeat MR: 68%)
The orc knight is devoured by a tear in reality.
Lugonu claims a new guest.
You are near starving!
Evoke which item? (* to show all) (? for menu, Esc to quit)
Aiming: Corrosive Bolt
Press: ? - help, Shift-Dir - straight line, f - orc warrior
Aim: an orc warrior, wielding a +0 halberd and wearing a +0 chain mail (translocational energy, moderately wounded, unusually strong, covered in acid)
The bolt of acid misses the orc warrior.
The orc warrior closely misses you.
Press: ? - help, Shift-Dir - straight line, f/p - orc warrior
Aim: an orc warrior, wielding a +0 halberd and wearing a +0 chain mail (translocational energy, moderately wounded, unusually strong, covered in acid, chance to defeat MR: 82%)
You fail to use your ability.
You block the orc warrior's attack.
Press: ? - help, Shift-Dir - straight line, f/p - orc warrior
Aim: an orc warrior, wielding a +0 halberd and wearing a +0 chain mail (translocational energy, moderately wounded, unusually strong, covered in acid, chance to defeat MR: 82%)
You fail to use your ability.
The orc warrior hits you from afar with a +0 halberd!
You die...

^..≈...............≈oo^..
{o#≈.....(.........≈#∩.##
o#≈≈....#######(...≈≈#.#≈
≈≈≈....(##....##(...≈≈≈≈≈
.......(##.....##(.......
.......(##'''#{.##(......
....##.(##∩.∩##..#(......
.... #(####'####o##(.....
... #.(@#...#)'.##(.....
.. #o###.o.###.##(.....
.. #o§)#:.?#)'.##......
... #o#########.##(.....
....#..##)#)##..#(......
....##..#'#'#..##.......
.....##.....o.##(.......
≈≈....#########(...≈≈≈≈≈
{#≈≈......###(.(...≈≈#.#≈


You could see an orc warrior.

Vanquished Creatures
  Erolcha (D:9)
  A two-headed ogre (D:9)
  Pikel (D:6)
  Maurice (D:8)
  3 trolls (D:9)
  Prince Ribbit (D:8)
  4 hogs (D:8)
  A human (D:8)
  A hungry ghost (D:9)
  A soldier ant (D:7)
  7 orc warriors
  A phantom (D:5)
  A sky beast (D:9)
  A slave (D:6)
  An ice beast (D:7)
  2 black bears
  An eye of draining (D:9)
  2 ogres
  4 centaurs
  A crocodile (D:7)
  A big kobold (D:8)
  A bullfrog (D:9)
  A gnoll sergeant (D:5)
  3 scorpions
  5 crimson imps
  2 bullfrog zombies
  3 hounds
  12 jellies
  4 bullfrog skeletons
  A centaur skeleton (D:4)
  8 orc priests
  7 orc wizards
  2 iguanas
  Terence (D:3)
  6 worker ants
  2 hound zombies
  A hound skeleton (D:5)
  20 gnolls
  5 adders
  2 shadow imps
  An ooze (D:5)
  3 adder skeletons
  4 worms
  3 dart slugs (D:1)
  2 leopard geckos
  46 orcs
  5 bats
  2 bat zombies (D:8)
  7 giant cockroaches
  5 goblins
  10 hobgoblins
  11 jackals
  7 quokkas
  2 ball pythons
  7 frilled lizards
  9 kobolds
  A leopard gecko skeleton (D:6)
  5 rats
  2 rat zombies (D:8)
255 creatures vanquished.

Vanquished Creatures (others)
  An orc knight (Bailey)
  A fungus (D:5)
  3 plants (D:5)
5 creatures vanquished.

Grand Total: 260 creatures vanquished

Notes
Turn   | Place    | Note
-------+----------+-------------------------------------------
     0 | Abyss:1  | Kairos the Formicid Abyssal Knight began the quest for the
                  | Orb.
     0 | Abyss:1  | Reached XP level 1. HP: 18/18 MP: 2/2
    97 | Abyss:2  | Found a corrupted altar of Lugonu.
   104 | Abyss:2  | Noticed a worldbinder
   107 | Abyss:2  | Noticed a wind drake
   125 | Abyss:3  | Noticed an unseen horror
   126 | Abyss:3  | Noticed a thrashing horror
   126 | Abyss:3  | Noticed a sixfirhy
   127 | Abyss:3  | Noticed a thrashing horror
   127 | Abyss:3  | Noticed an unseen horror
   127 | Abyss:3  | Noticed an unseen horror
   127 | Abyss:3  | Noticed an unseen horror
   127 | Abyss:3  | Noticed an unseen horror
   129 | Abyss:3  | Noticed a thrashing horror
   130 | Abyss:3  | Noticed an unseen horror
   130 | Abyss:3  | Noticed an unseen horror
   131 | Abyss:3  | Noticed a thrashing horror
   144 | Abyss:3  | Got a fine long sword
   148 | Abyss:3  | Identified the +8 long sword of Painful Death {slice, rF+
                  | Str+3} (You found it on level 3 of the Abyss)
   169 | Abyss:3  | Noticed an ancient zyme
   197 | Abyss:3  | Noticed a blink frog
   197 | Abyss:3  | Noticed a blink frog
   211 | Abyss:3  | Noticed a small abomination
   214 | D:1      | Escaped the Abyss
   235 | D:1      | Reached * piety under Lugonu
   241 | D:1      | Reached XP level 2. HP: 18/25 MP: 3/3
   552 | D:1      | Reached XP level 3. HP: 29/30 MP: 4/4
  1180 | D:2      | Reached skill level 1 in Long Blades
  1193 | D:2      | Reached ** piety under Lugonu
  1193 | D:2      | Reached XP level 4. HP: 22/37 MP: 5/5
  1233 | D:2      | Reached skill level 1 in Dodging
  1276 | D:2      | Found a bloodstained altar of Trog.
  1661 | D:3      | Reached skill level 2 in Long Blades
  1749 | D:3      | Reached XP level 5. HP: 34/42 MP: 6/6
  1757 | D:3      | Reached skill level 3 in Long Blades
  2092 | D:3      | Found an iron altar of Okawaru.
  2104 | D:3      | Reached XP level 6. HP: 49/49 MP: 7/7
  2127 | D:3      | Reached skill level 1 in Shields
  2188 | D:3      | Noticed Terence
  2198 | D:3      | Killed Terence
  2374 | D:4      | Reached skill level 4 in Long Blades
  2451 | D:4      | Found Ygeqaipp's Gadget Emporium.
  2678 | D:4      | Reached XP level 7. HP: 43/55 MP: 8/8
  2692 | D:4      | Reached *** piety under Lugonu
  2948 | D:4      | Reached skill level 5 in Fighting
  3010 | D:5      | Entered Level 5 of the Dungeon
  3062 | D:5      | Found Ceimo's General Store.
  3109 | D:5      | Reached skill level 5 in Long Blades
  3132 | D:5      | Reached XP level 8. HP: 43/62 MP: 9/9
  3156 | D:5      | Found a hazy altar of Hepliaklqana.
  3386 | D:5      | Found a staircase to the Ecumenical Temple.
  3571 | D:5      | Found a white marble altar of Elyvilon.
  3582 | D:5      | Got a smoking hunting sling
  3583 | D:5      | Identified the +6 hunting sling "Jediox" {venom, Int+7
                  | Dex+3} (You found it on level 5 of the Dungeon)
  3601 | D:5      | Reached skill level 6 in Long Blades
  3671 | D:5      | Found a runed translucent gate.
  3671 | D:5      | Found a runed translucent gate.
  3671 | D:5      | Noticed shugdite's ghost (novice MiFi)
  3672 | D:5      | Found a runed translucent gate.
  3752 | D:5      | Reached **** piety under Lugonu
  4018 | D:6      | Found a glowing golden altar of the Shining One.
  4105 | D:6      | Reached skill level 5 in Armour
  4398 | D:6      | Reached XP level 9. HP: 54/71 MP: 10/10
  4402 | D:6      | Noticed Pikel
  4419 | D:6      | Killed Pikel
  4419 | D:6      | Reached skill level 7 in Long Blades
  4691 | D:6      | Found a stormy altar of Qazlal.
  4821 | D:6      | Reached skill level 8 in Long Blades
  4951 | D:6      | Found a blossoming altar of Fedhas.
  5191 | D:5      | Bought a +4 scale mail of fire resistance for 372 gold
                  | pieces
  5309 | D:7      | Reached skill level 1 in Stealth
  5678 | D:7      | Found a shimmering altar of Xom.
  5862 | D:7      | Found Kinguc's General Store.
  6050 | D:7      | Reached ***** piety under Lugonu
  6083 | D:7      | Reached XP level 10. HP: 48/79 MP: 11/11
  6170 | D:7      | Reached skill level 9 in Long Blades
  6414 | D:8      | Noticed Maurice
  6433 | D:8      | Killed Maurice
  6433 | D:8      | Reached skill level 1 in Slings
  6535 | D:8      | Found a sparkling altar of Nemelex Xobeh.
  6545 | D:8      | Reached skill level 1 in Throwing
  6551 | D:8      | Noticed Prince Ribbit
  6558 | D:8      | Killed Prince Ribbit
  6635 | D:8      | Reached skill level 5 in Shields
  6654 | D:8      | Found a staircase to the Lair.
  6696 | D:8      | Found an ancient bone altar of Kikubaaqudgha.
  7255 | D:9      | Noticed a two-headed ogre
  7263 | D:9      | Killed a two-headed ogre
  7263 | D:9      | Reached skill level 10 in Long Blades
  7263 | D:9      | Reached skill level 1 in Evocations
  7263 | D:9      | Reached XP level 11. HP: 34/86 MP: 11/13
  7599 | D:9      | Noticed Erolcha
  7612 | D:9      | Killed Erolcha
  7612 | D:9      | Reached skill level 5 in Slings
  7803 | D:10     | Entered Level 10 of the Dungeon
  7836 | D:10     | Found a flagged portal.
  7856 | Bailey   | Entered a bailey
  8286 | Bailey   | Found a roughly hewn altar of Beogh.
  8286 | Bailey   | Noticed an orc knight
  8327 | Bailey   | Banished an orc knight
  8330 | Bailey   | Mangled by an orc warrior

Skill      XL: |  1  2  3  4  5  6  7  8  9 10 11 |
---------------+----------------------------------+-----
Fighting       | 4 5 6 7 8 |  8.4
Long Blades    | 1 2 3 4 5 6 8 10 | 10.4
Dodging        | 1 2 |  2.9
Armour         | 3 4 5 6 7 |  7.5
Shields        | 1 2 3 4 5 6 |  6.4
Stealth        | 1 2 3 |  3.8
Slings         | 4 5 |  5.6
Throwing       | 1 |  1.1
Evocations     | 1 2 |  2.2
Invocations    | 3 |  3.4
Polearms       | |  2.1

Action                   |  1- 3 |  4- 6 |  7- 9 | 10-12 || total
-------------------------+-------+-------+-------+-------++-------
Melee: Long sword        |    55 |   105 |   249 |   137 ||   546
 Fire: Hunting sling     |       |       |       |    77 ||    77
Throw: Javelin           |       |       |     7 |       ||     7
Invok: Depart the Abyss  |     1 |       |       |       ||     1
       Banish            |       |       |       |     2 ||     2
 Abil: Dig               |    11 |     4 |     3 |     3 ||    21
       Evoke Invisibilit |       |       |       |     1 ||     1
Evoke: Lamp of fire      |       |       |       |     1 ||     1
       Wand              |       |       |       |     4 ||     4
  Use: Scroll            |       |     7 |       |     4 ||    11
       Potion            |       |       |     3 |     2 ||     5
  Eat: Chunk             |     1 |     5 |    11 |     5 ||    22
       Ration            |       |       |       |     2 ||     2
Armor: Leather armour    |    19 |     8 |       |       ||    27
       Scale mail        |       |    18 |    23 |    53 ||    94
       Chain mail        |       |       |    57 |       ||    57
Dodge: Dodged            |    33 |    39 |    50 |    60 ||   182
Block: Shield            |       |    28 |   120 |   104 ||   252
       Rpst.: Long sword |    13 |     8 |     9 |     7 ||    37
